 Dungeon Crawl Stone Soup version 0.31-a0-182-gc5ef74bbde (webtiles) character file.

Game seed: 8567897882002951425

156 qw the Shield-Bearer (level 5, 0/32 HPs)
             Began as a Gargoyle Fighter on June 20, 2023.
             Slain by a gnoll
             ... wielding a +0 spear
              (2 damage)
             ... on level 3 of the Dungeon.
             The game lasted 00:01:12 (2348 turns).

qw the Shield-Bearer (Gargoyle Fighter)             Turns: 2348, Time: 00:01:12

Health: 0/32       AC: 12    Str: 28    XL:     5   Next: 37%
Magic:  5/5        EV:  7    Int:  8    God:
Gold:   75         SH: 13    Dex: 12    Spells: 4/4 levels left

rFire   . . .        Y - +3 war axe
rCold   x . .        f - +0 tower shield
rNeg    + . .        b - +0 scale mail
rPois   inf          l - +0 helmet
rElec   +            (no cloak)
rCorr   +            (no gloves)
SInv    .            (no boots)
Will    .....        (no amulet)
Stlth   +            a - ring of Qolla {rC- rCorr Str+6 Dex+3 Stlth+}
HPRegen 0.25/turn    (no ring)
MPRegen 0.09/turn

%: no passive effects
@: no status effects
A: sickness immunity, AC +4, negative energy resistance 1, electricity
resistance, torment resistance 1, petrification resistance
a: no special abilities


You were on level 3 of the Dungeon.
You visited 1 branch of the dungeon, and saw 3 of its levels.

You collected 75 gold pieces.


Innate Abilities, Weirdness & Mutations

You are immune to sickness and miasma.
Your stone body is resilient. (AC +4)
You are immune to poison.
You resist negative energy. (rN+)
You are resistant to electric shocks. (rElec)
You are resistant to unholy torment.
You are immune to petrification.


   Skills:
 - Level 3.2 Fighting
 - Level 3.4 Axes
 - Level 3.2 Armour
 + Level 5.3 Shields


You had 4 spell levels left.
You didn't know any spells.
Your spell library was empty.

Inventory:

Hand Weapons
 m - a +0 flail
 Y - a +3 war axe (weapon)
Missiles
 g - 5 boomerangs (quivered)
Armour
 b - a +0 scale mail (worn)
 c - a +0 chain mail
 f - a +0 tower shield (worn)
 i - a +0 pair of gloves
 l - a +0 helmet (worn)
Jewellery
 a - the ring of Qolla (left hand) {rC- rCorr Str+6 Dex+3 Stlth+}
   (You acquired it on level 1 of the Dungeon)

   [ring of strength]

   Str:       It affects your strength (+6).
   Dex:       It affects your dexterity (+3).
   rC:        It makes you vulnerable to cold.
   rCorr:     It protects you from acid and corrosion.
   Stlth:     It makes you more stealthy.
Scrolls
 k - a scroll of identify
Potions
 d - a potion of might
 e - a potion of resistance {unknown}
 h - 2 potions of curing
 j - a potion of enlightenment

Dungeon Overview and Level Annotations

Branches:
Dungeon (3/15)

Altars:


Message History

The gnoll hits you with a +0 whip. The gnoll barely misses you.
You block the adder's attack. The gnoll closely misses you.
The gnoll barely misses you. The gnoll hits you with a +0 whip.
You hit the gnoll.
The gnoll is moderately wounded.
You miss the adder. You block the adder's attack. The adder barely misses you.
The gnoll hits you but does no damage. You block the gnoll's attack.
The gnoll hits you with a +0 whip! The bat hits you but does no damage.
You block the adder's attack. The adder bites you but does no damage.
You hit the gnoll.
The gnoll is heavily wounded.
You miss the adder. You slash the bat!
You kill the bat!
You slash the adder!
You kill the adder!
You block the gnoll's attack. x3; The adder bites you but does no damage.
The gnoll hits you but does no damage. x3
You hit the gnoll.
The gnoll is almost dead.
You closely miss the adder. You block the adder's attack.
You block the gnoll's attack.
The gnoll hits you from afar with a +0 spear.
The adder bites you. The gnoll hits you with a +0 whip.
You block the hobgoblin's attack. You block the adder's attack.
The gnoll completely misses you.
The gnoll hits you from afar with a +0 spear.
The gnoll hits you with a +0 whip.
You barely miss the gnoll.
The gnoll is almost dead.
You closely miss the adder. You hit the hobgoblin.
You block the adder's attack. You block the gnoll's attack.
You block the hobgoblin's attack. The gnoll hits you but does no damage.
You block the gnoll's attack.
You barely miss the gnoll.
The gnoll is almost dead.
You closely miss the hobgoblin. You closely miss the adder.
The adder closely misses you. You block the gnoll's attack.
The gnoll hits you from afar with a +0 spear.
You die...

##.............. ...
...............# ...
..............# ....
...)..........# #'#..
###..........#
#....##+###............#
#....g..............####
#.##.gS...........######
#>....g@....'''.........
......g.....###.....####
............# #.........
...$........# #...####..
.......###### #...# #..
....... #...# #..
......# #...# #.. ......
#...# +.. #...# #..


You could see 3 gnolls, an adder and a hobgoblin.

Vanquished Creatures
  5 gnolls
  3 adders
  A worm (D:2)
  4 dart slugs (D:1)
  3 ball pythons
  9 bats
  3 endoplasms
  3 giant cockroaches (D:2)
  2 goblins
  9 hobgoblins
  3 jackals (D:1)
  5 quokkas
  4 frilled lizards
  9 kobolds
  9 rats
72 creatures vanquished.

Notes
Turn   | Place    | Note
-------+----------+-------------------------------------------
     0 | D:1      | qw the Gargoyle Fighter began the quest for the Orb.
     0 | D:1      | Reached XP level 1. HP: 14/14 MP: 1/1
     0 | D:1      | 0 ||| qw: Version: 0.3-a-9-g12657ce
     0 | D:1      | 0 ||| qw: Game counter: 1313
     0 | D:1      | 0 ||| qw: Always use a shield: true
     0 | D:1      | 0 ||| qw: God list: Okawaru
     0 | D:1      | 0 ||| qw: Allow faded altars: false
     0 | D:1      | 0 ||| qw: Do Orc after D:15 true
     0 | D:1      | 0 ||| qw: Do second Lair branch before Depths: true
     0 | D:1      | 0 ||| qw: Lair rune preference: random
     0 | D:1      | 0 ||| qw: Plans: Normal, Zot:1-4, Slime:5, God:TSO, Crypt,
                  | Tomb, Abyss, Pan, Hells, Win
     0 | D:1      | 0 ||| PLANNING D:1-11
    93 | D:1      | 93 ||| Stepping ~*~*~tactically~*~*~ (hiding).
   103 | D:1      | Reached XP level 2. HP: 19/19 MP: 2/2
   383 | D:1      | 383 ||| Stepping ~*~*~tactically~*~*~ (hiding).
   389 | D:1      | Reached skill level 3 in Axes
   392 | D:1      | Reached XP level 3. HP: 23/23 MP: 3/3
   493 | D:1      | Found a faded altar of an unknown god.
   723 | D:1      | 723 ||| Stepping ~*~*~tactically~*~*~ (hiding).
  1015 | D:1      | 1015 ||| UPGRADING to +0 tower shield.
  1025 | D:1      | 1025 ||| DROPPING +0 buckler.
  1026 | D:1      | 1026 ||| READING scroll labelled ABRUDDIASO.
  1027 | D:1      | 1027 ||| READING scroll labelled BYAMOD HUYTUNE.
  1027 | D:1      | Identified a scroll of acquirement
  1027 | D:1      | 1027 ||| ACQUIRING ring of Qolla {rC- rCorr Str+6 Dex+3
                  | Stlth+}
  1027 | D:1      | Acquired the ring of Qolla {rC- rCorr Str+6 Dex+3 Stlth+}
  1029 | D:1      | 1029 ||| UPGRADING to ring of Qolla {rC- rCorr Str+6 Dex+3
                  | Stlth+}.
  1267 | D:2      | 1267 ||| Stepping ~*~*~tactically~*~*~ (stealth).
  1315 | D:2      | 1315 ||| Stepping ~*~*~tactically~*~*~ (hiding).
  1326 | D:2      | Reached XP level 4. HP: 28/28 MP: 4/4
  1328 | D:2      | Reached skill level 4 in Shields
  1341 | D:2      | 1341 ||| Stepping ~*~*~tactically~*~*~ (stealth).
  1439 | D:2      | 1439 ||| DROPPING +0 club.
  1683 | D:2      | 1683 ||| Stepping ~*~*~tactically~*~*~ (stealth).
  2091 | D:2      | 2091 ||| UPGRADING to +0 helmet.
  2096 | D:2      | 2096 ||| READING 3 scrolls labelled YJUZES JAKE.
  2097 | D:2      | 2097 ||| READING 2 scrolls of enchant weapon.
  2097 | D:2      | 2097 ||| ENCHANTING +1 war axe.
  2098 | D:2      | 2098 ||| READING scroll of enchant weapon.
  2098 | D:2      | 2098 ||| ENCHANTING +2 war axe.
  2099 | D:2      | 2099 ||| READING scroll labelled KERETZ BYTYCS.
  2100 | D:2      | 2100 ||| READING 2 scrolls labelled NOBREI QAITTOL.
  2101 | D:2      | 2101 ||| READING scroll labelled OMOULY QEREWKE.
  2102 | D:2      | 2102 ||| READING scroll labelled QUCUKA GUNUUTT.
  2105 | D:2      | 2105 ||| READING 4 scrolls of identify.
  2105 | D:2      | 2105 ||| IDENTIFYING glowing puce potion
  2106 | D:2      | 2106 ||| READING 3 scrolls of identify.
  2106 | D:2      | 2106 ||| IDENTIFYING fizzy emerald potion
  2107 | D:2      | 2107 ||| READING 2 scrolls of identify.
  2107 | D:2      | 2107 ||| IDENTIFYING coppery potion
  2108 | D:2      | 2108 ||| DROPPING potion of brilliance.
  2109 | D:2      | 2109 ||| DROPPING scroll of immolation.
  2173 | D:3      | Reached XP level 5. HP: 32/32 MP: 5/5
  2192 | D:3      | 2192 ||| Stepping ~*~*~tactically~*~*~ (stealth).
  2196 | D:3      | 2196 ||| Stepping ~*~*~tactically~*~*~ (stealth).
  2202 | D:3      | Reached skill level 5 in Shields
  2247 | D:3      | 2247 ||| Stepping ~*~*~tactically~*~*~ (stealth).
  2253 | D:3      | 2253 ||| Stepping ~*~*~tactically~*~*~ (stealth).
  2346 | D:3      | HP: 8/32 [gnoll/+0 whip (4)]
  2346 | D:3      | HP: 3/32 [gnoll/+0 spear (5)]
  2348 | D:3      | Slain by a gnoll

Levels and vault maps discovered:
D:1:      dpeg_arrival_windows_large_door, layout_basic,
          shapermc_ecumenical_altar_totnotflames, minmay_surrounded
D:2:      layout_basic
D:3:      corexii_shack_village, layout_basic

Skill      XL: |  1  2  3  4  5 |
---------------+----------------+-----
Axes           | 2 3 |  3.4
Shields        | 4 5 |  5.3
Fighting       | |  3.2
Armour         | |  3.2

Action                     |  1- 3 |  4- 6 || total
---------------------------+-------+-------++-------
  Melee: War axe           |   107 |    58 ||   165
  Throw: Boomerang         |       |    33 ||    33
    Use: Scroll            |     2 |    10 ||    12
   Stab: Sleeping          |       |     1 ||     1
 Armour: Scale mail        |    60 |    27 ||    87
  Dodge: Dodged            |    50 |    20 ||    70
  Block: Buckler           |    11 |       ||    11
         Tower shield      |    17 |    67 ||    84

Table legend:
 A = Non-vault XP
 B = Vault XP
 C = Vault XP percentage of total XP
 D = Non-vault monster count
 E = Vault monster count
 F = Vault count percentage of total count
                 A         B        C        D         E       F
            +---------+---------+-------+---------+---------+-------
      Total |     208 |      15 |   6.7 |      65 |       7 |   9.7
            +---------+---------+-------+---------+---------+-------
        D:1 |      49 |       8 |  14.0 |      27 |       3 |  10.0
        D:2 |     102 |       0 |   0.0 |      25 |       0 |   0.0
        D:3 |      57 |       7 |  10.9 |      13 |       4 |  23.5
            +---------+---------+-------+---------+---------+-------
